AoeStats
← Topi-Petteri

Arabia

505257900Analyzed
1v1 RM · 23d ago on Sep 8, 2026· 43m 3s· 2 players
Game mode
Random Map
Map size
Tiny (2 player)
Population
200
Speed
Normal
Resources
Standard
Victory
Conquest
Starting age
Dark Age
Ending age
Imperial Age
RankedLock teamsTeams togetherTeam positionsShared explorationLock speedFull tech treeHidden civsTurbo modeCheats
Victory
Defeat
🇫🇮 Britons · Finland
774
+14
🇫🇷 Koreans · France
735
-34
IceKiz
1:21 Loom
12:07 Feudal Age
14:14 Wheelbarrow
14:23 Horse Collar
14:30 Double-Bit Axe
16:33 Gold Mining
21:02 Fletching
24:45 Castle Age
26:25 Gold Shaft Mining
26:05 Bow Saw
26:01 Heavy Plow
26:19 Hand Cart
26:10 Bodkin Arrow
25:38 Crossbowman
28:04 Thumb Ring
28:28 Town Watch
29:45 Ballistics
29:40 Murder Holes
29:59 Fortified Wall
30:05 Masonry
31:16 Town Patrol
36:38 Imperial Age
37:04 Arbalester
39:30 Bracer
Topi-Petteri
9:08 Feudal Age
11:58 Double-Bit Axe
18:43 Castle Age
17:05 Padded Archer Armor
17:27 Horse Collar
19:51 Bow Saw
19:06 Crossbowman
20:04 Leather Archer Armor
21:11 Fletching
22:33 Bodkin Arrow
23:40 Wheelbarrow
24:23 Stone Mining
27:00 Town Watch
27:31 Hand Cart
31:56 Imperial Age
29:54 Yeomen
30:50 Town Patrol
31:18 Ballistics
33:08 Ring Archer Armor
32:39 Bracer
32:09 Light Cavalry
32:50 Husbandry
32:37 Arbalester
33:32 Forging
33:23 Scale Mail Armor
33:28 Scale Barding Armor
35:00 Two-Man Saw
35:01 Iron Casting
34:56 Conscription
35:10 Chain Mail Armor
37:35 Plate Mail Armor
38:05 Blast Furnace
39:07 Chain Barding Armor
Connection lost

Rejoining the realm…

Still unreachable

The connection could not be restored.

Session expired

The server has moved on; the page needs a fresh start.